 Dungeon Crawl Stone Soup version 0.24.0-13-gcf9b319 (webtiles) character file.

Game seed: 615683029078526472, levelgen mode: deterministic

5 Boetheseconed the Skirmisher (level 1, -26/20 HPs)
             Began as a Minotaur Abyssal Knight on Nov 27, 2019.
             Was a Follower of Lugonu.
             Killed from afar by a ynoxinul (31 damage)
             ... with an iron shot
             ... on level 1 of the Abyss.
             The game lasted 00:01:05 (217 turns).

Boetheseconed the Skirmisher (MiAK)                  Turns: 217, Time: 00:01:06

Health: -26/20     AC:  3    Str: 16    XL:     1   Next: 66%
Magic:  1/1        EV: 11    Int:  9    God:    Lugonu [*.....]
Gold:   0          SH:  0    Dex:  9    Spells: 0/0 levels left

rFire    . . .     SeeInvis .   a - +1 hand axe
rCold    . . .     Gourm    .   (no shield)
rNeg     . . .     Faith    .   b - +0 leather armour
rPois    .         Spirit   .   (helmet restricted)
rElec    .         Reflect  .   (no cloak)
rCorr    .         Harm     .   (no gloves)
MR       .....                  (no boots)
Stlth    +.........             (no amulet)
HPRegen  0.06/turn              (no ring)
MPRegen  0.07/turn              (no ring)

@: no status effects
A: retaliatory headbutt, horns 2
a: Depart the Abyss, Renounce Religion


You were on level 1 of the Abyss.
You worshipped Lugonu.
Lugonu was aware of your devotion.
You were not hungry.

You visited 0 branches of the dungeon, and saw 0 of its levels.
You visited the Abyss 1 time.

Inventory:

Hand Weapons
 a - a +1 hand axe (weapon)
Armour
 b - a +0 leather armour (worn)
Scrolls
 d - a scroll of teleportation {unknown}
Comestibles
 c - a ration


   Skills:
 + Level 3.9 Fighting
 + Level 2.5 Axes
 + Level 2.5 Armour
 + Level 1.1 Dodging
 + Level 1.8 Invocations


You couldn't memorise any spells.
You didn't know any spells.
Your spell library was empty.

Dungeon Overview and Level Annotations

Branches:
Dungeon (0/15)

Altars:


Innate Abilities, Weirdness & Mutations

You reflexively headbutt those who attack you in melee.
You have a pair of horns on your head.


Message History

The deep elf mage gestures wildly while chanting.
The deep elf mage blinks!
The ynoxinul bellows!
A small abomination comes into view.
A spatial vortex comes into view.
A spatial maelstrom comes into view.
A spatial vortex comes into view.
A spatial vortex comes into view.
The ynoxinul gestures.
The ufetubus shouts!
A spatial vortex comes into view.
A spatial vortex comes into view. x2; A ynoxinul comes into view.
The spatial vortex moves out of view. 3 spatial vortices come into view.
The ynoxinul gestures.
A spatial vortex comes into view.
The ynoxinul gestures at you. The iron shot hits you!!
Ouch! That really hurt!
You die...

..#. #≈.. ..###...#
.≈≈.# ..#. #.#.##
#♣≈≈..##
...##..#.### ..≈
x≈≈# #......#5.##v##
≈.≈.
##..##.v#35.##.≈≈.#≈
#...#v#.vvv#..3 .# .
#3.5x.#..# ...v
#@v##.##.x .ve#.##
#..### .#..#.##x...
..... ###...#.#..
#....# ##....§..
##..# #.##.## ..#.
##### # .... # .###
# #


You could see a spatial maelstrom, 5 spatial vortices, 2 ynoxinuls, a small
abomination and 3 ufetubi.

Vanquished Creatures
  An ufetubus (Abyss:1)
1 creature vanquished.

Notes
Turn   | Place    | Note
-------+----------+-------------------------------------------
     0 | Abyss:1  | Boetheseconed the Minotaur Abyssal Knight began the quest
                  | for the Orb.
     0 | Abyss:1  | Reached XP level 1. HP: 19/19 MP: 1/1
   138 | Abyss:1  | Noticed a large abomination
   169 | Abyss:1  | Noticed a small abomination
   171 | Abyss:1  | Noticed a worldbinder
   172 | Abyss:1  | Noticed a deep elf mage
   173 | Abyss:1  | Noticed an ice beast
   175 | Abyss:1  | Noticed a deep elf knight
   184 | Abyss:1  | Noticed a deep elf knight
   184 | Abyss:1  | Noticed a deep elf mage
   184 | Abyss:1  | Noticed a spatial vortex
   184 | Abyss:1  | Noticed a deep elf archer
   186 | Abyss:1  | Noticed a spatial maelstrom
   186 | Abyss:1  | Noticed a spatial vortex
   195 | Abyss:1  | Noticed a spatial vortex
   198 | Abyss:1  | Noticed a deep elf mage
   201 | Abyss:1  | Noticed a deep elf mage
   201 | Abyss:1  | Noticed a deep elf mage
   206 | Abyss:1  | Noticed a ynoxinul
   207 | Abyss:1  | Noticed a small abomination
   208 | Abyss:1  | Noticed a spatial vortex
   208 | Abyss:1  | Noticed a spatial maelstrom
   210 | Abyss:1  | Noticed a spatial vortex
   210 | Abyss:1  | Noticed a spatial vortex
   215 | Abyss:1  | Noticed a spatial vortex
   215 | Abyss:1  | Noticed a spatial vortex
   215 | Abyss:1  | Noticed a spatial vortex
   215 | Abyss:1  | Noticed a ynoxinul
   216 | Abyss:1  | Noticed a spatial vortex
   216 | Abyss:1  | Noticed a spatial vortex
   216 | Abyss:1  | Noticed a spatial vortex
   217 | Abyss:1  | Noticed a spatial vortex
   217 | Abyss:1  | Killed from afar by a ynoxinul

Levels and vault maps discovered:
Abyss:1:  bh_abyss_negative

Action                   || total
-------------------------++-------
Armor: Leather armour    ||     1
Dodge: Dodged            ||     4
